 Dungeon Crawl Stone Soup version 0.22-a0-407-gb098539 (webtiles) character file.

38 inmateoo the Gusty (level 3, 0/16 HPs)
             Began as a Felid Wanderer on May 9, 2018.
             Slain by a leopard gecko (4 damage)
             ... on level 2 of the Dungeon.
             The game lasted 00:03:10 (1925 turns).

inmateoo the Gusty (Felid Wanderer)                 Turns: 1925, Time: 00:03:11

Health: 0/16       AC:  1    Str:  5    XL:     3   Next: 25%
Magic:  5/5        EV: 17    Int: 13    God:
Gold:   101        SH:  0    Dex: 19    Spells: 3/4 levels left
                                        Lives:  0   Deaths: 0

rFire    . . .     SeeInvis +     - Unarmed
rCold    . . .     Gourm    .   (shield unavailable)
rNeg     . . .     Faith    .   (armour unavailable)
rPois    .         Spirit   .   (helmet unavailable)
rElec    .         Reflect  .   (cloak unavailable)
rCorr    .         Harm     .   (gloves unavailable)
MR       .....                  (boots unavailable)
Stlth    +++.......             (no amulet)
HPRegen  0.05/turn              (no ring)
MPRegen  0.09/turn              (no ring)

@: quick
A: very small, no armour, no weapons or thrown items, stealth, claws 1, fangs 3,
see invisible, carnivore, speed 1, shaggy fur 1, slow metabolism 1, sharp paws
a: no special abilities


You were on level 2 of the Dungeon.
You were completely stuffed.

You visited 1 branch of the dungeon, and saw 2 of its levels.

You collected 101 gold pieces.

Inventory:

Scrolls
 b - 2 scrolls of teleportation
 c - a scroll of enchant armour {unknown}
 e - 2 scrolls of identify {unknown}
 g - a scroll of enchant weapon {unknown}
 h - 2 scrolls of fear {unknown}
 k - a scroll of remove curse {unknown}
Potions
 a - 2 potions of curing {unknown}
 f - 2 potions of heal wounds {unknown}
 i - a potion of agility {unknown}
 j - 2 potions of haste {unknown}
Comestibles
 d - 3 rations


   Skills:
 + Level 2.4 Fighting
 + Level 1.5 Dodging
 + Level 2.4 Stealth
 * Level 2.1 Unarmed Combat
 - Level 1.0 Spellcasting
   Level 1.0 Ice Magic
 - Level 2.6 Air Magic
   Level 1.1 Evocations


You had 3 spell levels left.
You knew the following spells:

 Your Spells              Type           Power        Failure   Level  Hunger
a - Shock                 Conj/Air       #...         16%         1    ##.....


Dungeon Overview and Level Annotations

Branches:
Dungeon (2/15)

Altars:


Innate Abilities, Weirdness & Mutations

You cannot wear armour.
You are incapable of wielding weapons or throwing items.
Your paws allow you to move quietly. (Stealth)
You have sharp claws.
You have razor-sharp teeth.
You have supernaturally acute eyesight. (SInv)
You are carnivorous and can eat meat at any time.
You cover ground quickly.
You are covered in fur. (AC +1)
You have a slow metabolism.
Your sharp claws are effective at attacking unaware monsters.


Message History

Eating a chunk of flesh.
You eat the chunk of flesh.
This raw flesh tastes great.
A leopard gecko comes into view.
A leopard gecko is nearby!
The leopard gecko hisses angrily.
You scratch the leopard gecko.
The leopard gecko is lightly wounded.
The leopard gecko barely misses you.
You completely miss the leopard gecko.
The leopard gecko is lightly wounded.
The leopard gecko bites you.
You scratch the leopard gecko. Your bite misses the leopard gecko.
The leopard gecko is heavily wounded.
The leopard gecko bites you.
* * * LOW HITPOINT WARNING * * *
You are too injured to fight recklessly!
You scratch the leopard gecko but do no damage.
The leopard gecko is heavily wounded.
The leopard gecko bites you.
You die...

####### ###### #.....# #
#....# #.....# ####....#
#.....# ........# #.....#
.##.....# #.....#
.##.....# #.....#
.##.....# #....l#
.##.....#####...@.###.
............รท.....'.....
..#.....#.###.....###...
........#.# ####### .
........#.# ....#####.#
(...# #.# ..#.# #.# ..#.#
#..


You could see a leopard gecko.

Vanquished Creatures
  2 dart slugs (D:1)
  2 ball pythons (D:2)
  5 bats (D:1)
  2 giant cockroaches
  3 hobgoblins (D:1)
  4 jackals (D:2)
  A frilled lizard (D:1)
  5 goblins
  3 kobolds
  3 rats
30 creatures vanquished.

Notes
Turn   | Place    | Note
-------+----------+-------------------------------------------
     0 | D:1      | inmateoo the Felid Wanderer began the quest for the Orb.
     0 | D:1      | inmateoo set off with: a scroll of teleportation, a ration
     0 | D:1      | Reached XP level 1. HP: 9/9 MP: 3/3
     2 | D:1      | Learned a level 1 spell: Shock
   360 | D:1      | Reached XP level 2. HP: 13/13 MP: 4/4
   432 | D:1      | Reached skill level 1 in Dodging
  1246 | D:2      | Reached XP level 3. HP: 14/16 MP: 5/5
  1925 | D:2      | Slain by a leopard gecko

Vault maps used:
D:1:      noname_arrival_rooms_in_the_neighbourhood, minmay_tetromino_s4
D:2:      uniq_terence

Skill      XL: |  1  2 |
---------------+-------+-----
Dodging        | 1 |  1.5
Stealth        | 2 |  2.4
Unarmed Combat | 2 |  2.1
Fighting       | |  2.4
Spellcasting   | |  1.0
Ice Magic      | |  1.0
Air Magic      | |  2.6
Evocations     | |  1.1

Action                   || total
-------------------------++-------
Melee: Unarmed           ||   117
       Bite              ||     4
 Cast: Shock             ||     7
 Stab: Sleeping          ||     2
  Eat: Chunk             ||    10
Armor: Skin              ||    17
Dodge: Dodged            ||   105

Table legend:
 A = Spawn XP
 B = Non-spawn XP
 C = Spawn XP percentage of total XP
 D = Spawn monster count
 E = Non-spawn monster count
 F = Spawn count percentage of total count
 G = Total turns spent on level
                    A         B        C        D         E        F      G
               +---------+---------+-------+---------+---------+-------+---------
         Total |       0 |      55 |   0.0 |       0 |      30 |   0.0 |  1925
               +---------+---------+-------+---------+---------+-------+---------
           D:1 |       0 |      37 |   0.0 |       0 |      20 |   0.0 |  1264
           D:2 |       0 |      18 |   0.0 |       0 |      10 |   0.0 |   661
               +---------+---------+-------+---------+---------+-------+---------
